[Event "Titled Tuesday Blitz April 25 Late 2023"]
[White "Antonova, Nadezhda"]
[Black "Mickiewicz, Piotr"]
[WhiteFideId "14700182"]
[BlackFideId "1114891"]
[WhiteElo "1765"]
[BlackElo "2246"]
[Result "0-1"]
[Round "09"]
[TimeControl "180+2"]
[Date "2023.04.25"]
[WhiteClock "0:00:04"]
[BlackClock "0:00:06"]

1. Nf3 Nf6 2. b3 g6 3. Bb2 Bg7 4. g3 O-O 5. Bg2 d6 6. d4 e5 7. dxe5 Ng4 8. c4 Nc6 9. O-O Bf5 10. Nc3 Ngxe5 11. Qd2 Nxf3+ 12. exf3 Qd7 13. Rfe1 Be6 14. f4 Rae8 15. Nd5 Bxb2 16. Qxb2 Bxd5 17. Bxd5 Nd8 18. Rad1 c6 19. Bf3 Rxe1+ 20. Rxe1 Re8 21. Qd2 Rxe1+ 22. Qxe1 Ne6 23. Bg4 f5 24. Bf3 Nd4 25. Qe3 c5 26. Bd5+ Kg7 27. Kg2 h5 28. Bf3 b6 29. Bd5 Qd8 30. Bf3 Kf6 31. Bd5 Qe7 32. Bf3 a6 33. Bd5 b5 34. cxb5 axb5 35. Qc3 b4 36. Qc4 Qe2 37. Qc1 Qxa2 38. Qe3 Qe2 39. Qc1 h4 40. Qa1 hxg3 41. hxg3 Qe7 42. Qa8 Kg7 43. Qb8 Kh6 44. Qa8 Qh7 45. Qa6 Qg7 46. Qxd6 Nc2 47. Qxc5 Ne1+ 48. Kf1 Nd3 49. Qc4 Qa1+ 50. Kg2 Ne1+ 51. Kh2 Qc3 52. Qxc3 bxc3 53. b4 c2 54. Ba2 c1=Q 55. b5 Nf3+ 56. Kg2 Nd4 0-1


[Site "https://www.chess.com"]

[Event "Titled Tuesday Blitz April 25 Late 2023"]
[White "Narva, Triin"]
[Black "Gerbelli Neto, Eduardo"]
[WhiteFideId "4502680"]
[BlackFideId "2103281"]
[WhiteElo "1944"]
[BlackElo "2178"]
[Result "0-1"]
[Round "09"]
[TimeControl "180+2"]
[Date "2023.04.25"]
[WhiteClock "0:00:01"]
[BlackClock "0:00:54"]

1. e4 e5 2. Nc3 Nf6 3. f4 d5 4. fxe5 Nxe4 5. Nf3 Bc5 6. d4 Bb4 7. Bd2 c5 8. a3 Bxc3 9. Bxc3 O-O 10. Bd3 Nc6 11. O-O Nxc3 12. bxc3 c4 13. Be2 Bf5 14. Qd2 Bg6 15. Ng5 Qd7 16. h3 h6 17. Nf3 Qe7 18. Rab1 f6 19. a4 fxe5 20. dxe5 Be4 21. Rb5 a6 22. Rb6 Nxe5 23. Nxe5 Rxf1+ 0-1


[Site "https://www.chess.com"]

[Event "Titled Tuesday Blitz April 25 Late 2023"]
[White "Romero Ruscalleda, Josep"]
[Black "Schuster, Karsten"]
[WhiteFideId "2231859"]
[BlackFideId "4611071"]
[WhiteElo "2183"]
[BlackElo "2294"]
[Result "0-1"]
[Round "09"]
[TimeControl "180+2"]
[Date "2023.04.25"]
[WhiteClock "0:00:49"]
[BlackClock "0:00:31"]

1. e4 d5 2. exd5 Qxd5 3. Nc3 Qd6 4. g3 c6 5. Bg2 Nf6 6. Nge2 Bg4 7. O-O e6 8. d4 Qc7 9. h3 Bh5 10. Bf4 Bd6 11. Nb5 cxb5 12. Bxd6 Qxd6 13. Bxb7 Nc6 14. Bxa8 O-O 15. Bxc6 Qxc6 16. Qd3 Rd8 17. Nf4 Bf3 18. Rfe1 Be4 19. Qc3 Qb6 20. Rad1 g5 21. Nh5 Nxh5 22. Rxe4 Nf6 23. Re5 h6 24. Qf3 Kg7 25. c3 b4 26. h4 g4 27. Qe2 bxc3 28. bxc3 Qc7 29. Rd3 Rb8 30. Qc2 Qc6 31. Rd1 Rc8 32. Rc1 Qf3 33. Qe2 Rxc3 34. Qxf3 Rxc1+ 35. Kh2 gxf3 36. Ra5 Rc2 37. Kg1 Ne4 38. Rxa7 Rxf2 39. d5 Rg2+ 40. Kf1 Nd2+ 41. Ke1 f2+ 42. Kxd2 f1=Q+ 0-1


[Site "https://www.chess.com"]

[Event "Titled Tuesday Blitz April 25 Late 2023"]
[White "Novikova, Galina"]
[Black "De Souza, Cristiano Gomes"]
[WhiteFideId "4157095"]
[BlackFideId "2151758"]
[WhiteElo "1953"]
[BlackElo "2068"]
[Result "1-0"]
[Round "09"]
[TimeControl "180+2"]
[Date "2023.04.25"]
[WhiteClock "0:01:27"]
[BlackClock "0:00:47"]

1. e4 c5 2. Nf3 d6 3. d4 cxd4 4. Nxd4 Nf6 5. Nc3 g6 6. Be3 Bg7 7. f3 O-O 8. Qd2 Nc6 9. g4 Be6 10. h4 Nxd4 11. Bxd4 Qa5 12. h5 Rfc8 13. hxg6 hxg6 14. g5 Nh5 15. Bxg7 Kxg7 16. Bh3 Bxh3 17. Rxh3 Qc5 18. O-O-O b5 19. f4 Rc6 20. Nd5 e6 21. Rc3 exd5 22. Rxc5 Rxc5 23. exd5 Re8 24. f5 gxf5 25. Qh2 Rh8 26. Qxd6 Rc4 27. b3 Rg4 28. Qe5+ Kg8 29. d6 1-0


[Site "https://www.chess.com"]

[Event "Titled Tuesday Blitz April 25 Late 2023"]
[White "Broca Jimenez, Fernando"]
[Black "Skaric, Djuro"]
[WhiteFideId "5104742"]
[BlackFideId "934569"]
[WhiteElo "2062"]
[BlackElo "2282"]
[Result "0-1"]
[Round "09"]
[TimeControl "180+2"]
[Date "2023.04.25"]
[WhiteClock "0:00:04"]
[BlackClock "0:01:14"]

1. e4 d6 2. c4 g6 3. d4 Bg7 4. Nc3 Nf6 5. Nf3 O-O 6. h3 Nc6 7. Bg5 h6 8. Be3 e5 9. d5 Ne7 10. Qd2 Kh7 11. g4 Nfg8 12. Bd3 a6 13. O-O-O Bd7 14. Kb1 Rb8 15. Rhg1 b5 16. c5 b4 17. Ne2 f5 18. gxf5 gxf5 19. exf5 Bxf5 20. Ng3 Kh8 21. Nh4 e4 22. Ngxf5 Nxf5 23. Ng6+ Kh7 24. Nxf8+ Qxf8 25. Bxe4 Kh8 26. Bxf5 Qxf5+ 27. Qd3 Rf8 28. Qxf5 Rxf5 29. cxd6 cxd6 30. Rg4 a5 31. Bb6 Ne7 32. f4 Nxd5 33. Bxa5 Ne3 34. Rxd6 Nxg4 35. hxg4 Rxa5 36. g5 hxg5 37. fxg5 Rxg5 38. Rb6 Rg4 39. Kc2 Bf8 40. Rb8 Kg7 41. a3 bxa3 42. bxa3 Bxa3 43. Rb7+ Kf6 44. Rb3 Bc5 45. Rf3+ Ke5 46. Rf1 Kd5 47. Kc3 Rg3+ 48. Kc2 Kc4 49. Rf4+ Bd4 50. Re4 Rg2+ 51. Kd1 Kd3 52. Re1 Ra2 53. Kc1 Ra1# 0-1


[Site "https://www.chess.com"]

[Event "Titled Tuesday Blitz April 25 Late 2023"]
[White "Mustafayev, Farid"]
[Black "Osmonbekov, Talaibek"]
[WhiteFideId "13408771"]
[BlackFideId "2017253"]
[WhiteElo "2237"]
[BlackElo "2135"]
[Result "0-1"]
[Round "09"]
[TimeControl "180+2"]
[Date "2023.04.25"]
[WhiteClock "0:00:01"]
[BlackClock "0:00:37"]

1. e4 c5 2. Nf3 d6 3. d4 cxd4 4. Nxd4 Nf6 5. Nc3 g6 6. Be3 Bg7 7. f3 O-O 8. Qd2 Nc6 9. g4 h5 10. gxh5 Nxh5 11. O-O-O Bd7 12. f4 Nxd4 13. Bxd4 Bxd4 14. Qxd4 Nxf4 15. h4 Bg4 16. Rd2 e5 17. Qxd6 Qxd6 18. Rxd6 Rfd8 19. Rxd8+ Rxd8 20. Bc4 a6 21. a4 Rd4 22. b3 Kg7 23. Kb2 f5 24. exf5 gxf5 25. Re1 e4 26. a5 Kg6 27. Na4 Ng2 28. Rh1 Rd7 29. Nc5 Re7 30. Kc3 e3 31. Nd3 e2 32. Ne1 Nxe1 33. Rxe1 f4 34. Kd2 f3 35. Rg1 Kh5 36. Ke1 Kxh4 37. Kf2 Re5 38. Rh1+ Kg5 39. Re1 Kf4 40. Rh1 Rxa5 41. Re1 Rc5 42. Bd3 b5 43. Rh1 a5 44. Rh8 b4 45. Rf8+ Bf5 46. Rf7 Rd5 47. Rf8 Re5 48. Ke1 Ke3 49. Bxe2 fxe2 50. c3 bxc3 51. b4 c2 52. Rc8 Rd5 0-1


[Site "https://www.chess.com"]

[Event "Titled Tuesday Blitz April 25 Late 2023"]
[White "Dahlgren, James Allen"]
[Black "Figorito, Nick"]
[WhiteFideId "22256873"]
[BlackFideId "30923689"]
[WhiteElo "1824"]
[BlackElo "2036"]
[Result "0-1"]
[Round "09"]
[TimeControl "180+2"]
[Date "2023.04.25"]
[WhiteClock "0:02:30"]
[BlackClock "0:02:36"]

1. e4 e6 2. Nc3 d5 3. d4 Bb4 4. e5 c5 5. a3 Bxc3+ 6. bxc3 Ne7 7. Qg4 Kf8 8. h4 Qa5 9. Rh3 Nbc6 10. Rg3 Nf5 11. Bh6 gxh6 12. Qf4 Nxg3 13. Qxh6+ Ke8 14. fxg3 Qxc3+ 0-1


[Site "https://www.chess.com"]

[Event "Titled Tuesday Blitz April 25 Late 2023"]
[White "Holtel, Jasper"]
[Black "Aigner, Michael"]
[WhiteFideId "12956376"]
[BlackFideId "2017288"]
[WhiteElo "2372"]
[BlackElo "1966"]
[Result "1-0"]
[Round "09"]
[TimeControl "180+2"]
[Date "2023.04.25"]
[WhiteClock "0:00:09"]
[BlackClock "0:00:18"]

1. e4 c5 2. Nf3 Nc6 3. Bb5 g6 4. Bxc6 dxc6 5. d3 Bg7 6. h3 Nf6 7. O-O Nd7 8. Nbd2 e5 9. Nc4 Qe7 10. a4 Nf8 11. Be3 b6 12. Kh1 f6 13. c3 Ne6 14. Rb1 O-O 15. Nh2 g5 16. Re1 Rd8 17. Qc2 Ba6 18. b3 Rd7 19. Nf1 Rad8 20. Rbd1 Bc8 21. Ng3 Qf8 22. Nf5 Rb7 23. g4 Nf4 24. Bxf4 Bxf5 25. Bxg5 Bxg4 26. hxg4 fxg5 27. Ne3 Qf3+ 28. Kg1 Rbd7 29. Rd2 h5 30. Qd1 hxg4 31. Qxf3 gxf3 32. Red1 Kf7 33. Nf5 Bf6 34. Kh2 g4 35. Nh6+ Kg6 36. Nxg4 Bg7 37. Kg3 Rf8 38. Ne3 Bh6 39. Rh1 Bxe3 40. fxe3 Rg7 41. Kf2 Kf7 42. Rg1 Rh7 43. Kxf3 Ke6+ 44. Ke2 Rh2+ 45. Kd1 Rxd2+ 46. Kxd2 Rf2+ 47. Kc1 Re2 48. Rg7 Rxe3 49. Kd2 Rh3 50. Rxa7 Rh2+ 51. Ke3 Rb2 52. Rc7 Kd6 53. Rb7 Rxb3 54. a5 b5 55. a6 Ra3 56. a7 b4 57. cxb4 c4 58. Kd2 Rxd3+ 59. Kc2 Ra3 60. Kb2 Ra6 61. Kc3 Ra1 62. Kxc4 Ra2 63. Kb3 Ra1 64. Kb2 Ra6 65. Kb3 Ra1 66. Kc3 Ra3+ 67. Kc4 Ra1 68. b5 Rc1+ 69. Kd3 Ra1 70. b6 Kc5 71. Rb8 1-0


[Site "https://www.chess.com"]

[Event "Titled Tuesday Blitz April 25 Late 2023"]
[White "Capp, Stephen"]
[Black "Kraus, Tomas"]
[WhiteFideId "2027089"]
[BlackFideId "331708"]
[WhiteElo "1920"]
[BlackElo "2389"]
[Result "1-0"]
[Round "09"]
[TimeControl "180+2"]
[Date "2023.04.25"]
[WhiteClock "0:00:37"]
[BlackClock "0:01:21"]

1. e4 c5 2. Nc3 d6 3. f4 g6 4. Nf3 Bg7 5. Bb5+ Bd7 6. Bc4 Nc6 7. d3 Nf6 8. Bb3 O-O 9. O-O Na5 10. h3 Nxb3 11. axb3 b5 12. Qe1 b4 13. Ne2 Bc6 14. Qh4 Qd7 15. e5 dxe5 16. fxe5 Nd5 17. Bh6 f6 18. Bxg7 Kxg7 19. Rae1 Ne3 20. Rf2 Nf5 21. exf6+ exf6 22. Qc4 Qd5 23. Nf4 Qxc4 24. bxc4 Rfe8 25. Ne6+ Kf7 26. Nxc5 Bxf3 27. Rxe8 Rxe8 28. gxf3 Re1+ 29. Kg2 Ne3+ 30. Kg3 Nd1 31. Rd2 Nxb2 32. d4 Nxc4 33. Rd3 a5 34. d5 Nd6 35. c3 Rb1 36. cxb4 axb4 37. Ne4 Ke7 38. Nd2 Nf5+ 39. Kf4 Kd6 40. Nxb1 1-0


[Site "https://www.chess.com"]

[Event "Titled Tuesday Blitz April 25 Late 2023"]
[White "Oliveira, Tiago Batista"]
[Black "Simonovic, Miroslav"]
[WhiteFideId "2108291"]
[BlackFideId "919152"]
[WhiteElo "1962"]
[BlackElo "2042"]
[Result "0-1"]
[Round "09"]
[TimeControl "180+2"]
[Date "2023.04.25"]
[WhiteClock "0:00:11"]
[BlackClock "0:00:20"]

1. d4 Nf6 2. c4 c5 3. d5 b5 4. cxb5 a6 5. bxa6 Bxa6 6. Nc3 d6 7. g3 Nbd7 8. Bg2 g6 9. Nf3 Bg7 10. O-O O-O 11. Qc2 Ra7 12. Rd1 Qa8 13. Bf4 Rb8 14. e4 Ng4 15. h3 Nge5 16. Nxe5 Nxe5 17. Kh2 Nd3 18. Rxd3 Bxd3 19. Qxd3 Rxb2 20. Rc1 Ra3 21. e5 Qa5 22. exd6 exd6 23. Bd2 Rxd2 24. Qxd2 Bxc3 25. Qe2 Rxa2 26. Qe8+ Kg7 27. Rb1 Rxf2 28. Rb8 Rxg2+ 29. Kxg2 Qa2+ 30. Kf3 Qxd5+ 31. Ke2 Qe5+ 32. Qxe5+ Bxe5 33. g4 Kf6 34. Rc8 h5 35. Kd3 hxg4 36. hxg4 Kg5 37. Rf8 f6 38. Rg8 f5 39. gxf5 Kxf5 40. Kc4 g5 41. Kd5 Kf4 42. Rf8+ Kg3 43. Ke4 g4 44. Rg8 Kh3 45. Ke3 c4 46. Rg6 c3 47. Kd3 g3 48. Ke2 Kg2 49. Rh6 c2 0-1


[Site "https://www.chess.com"]

[Event "Titled Tuesday Blitz April 25 Late 2023"]
[White "Lutz, Igor Oscar"]
[Black "Panico, Nick"]
[WhiteFideId "2110806"]
[BlackFideId "2026724"]
[WhiteElo "1969"]
[BlackElo "1982"]
[Result "0-1"]
[Round "09"]
[TimeControl "180+2"]
[Date "2023.04.25"]
[WhiteClock "0:00:40"]
[BlackClock "0:02:04"]

1. d4 f5 2. c4 Nf6 3. Nf3 d6 4. g3 g6 5. Bg2 Bg7 6. O-O O-O 7. b3 e5 8. Bb2 e4 9. Ng5 h6 10. Nh3 Be6 11. d5 Bf7 12. Nf4 Qe7 13. Nd2 g5 14. Nh3 Nbd7 15. Re1 e3 16. Nf1 exf2+ 17. Nxf2 Rae8 18. e4 fxe4 19. Nxe4 Nxe4 20. Bxg7 Kxg7 21. Rxe4 Qf6 22. Qd4 Rxe4 23. Qxe4 Qxa1 24. Qf5 Nf6 25. h4 Qe5 26. Qh3 g4 0-1


[Site "https://www.chess.com"]

[Event "Titled Tuesday Blitz April 25 Late 2023"]
[White "Marchesich, Giovanni"]
[Black "yoriiiis"]
[WhiteFideId "2824790"]
[WhiteElo "2209"]
[BlackElo "2127"]
[Result "0-1"]
[Round "09"]
[TimeControl "180+2"]
[Date "2023.04.25"]
[WhiteClock "0:02:24"]
[BlackClock "0:01:06"]

1. d4 d5 2. Nc3 Nf6 3. Bf4 Bf5 4. e3 c6 5. Bd3 Bxd3 6. Qxd3 Nbd7 7. Nf3 e6 8. O-O Be7 9. h3 O-O 10. Bh2 c5 11. Ne5 c4 12. Qe2 a6 13. f4 Qc7 14. Qf3 b5 15. g4 b4 16. Ne2 Ne4 17. Rad1 Nxe5 18. fxe5 Bg5 19. Bf4 Qe7 20. Ng3 Nxg3 21. Qxg3 a5 22. Rf3 a4 23. Rdf1 Ra7 24. Bxg5 Qxg5 25. h4 Qg6 26. R1f2 b3 27. cxb3 axb3 28. a3 Rb7 29. h5 Qb1+ 30. Kg2 c3 31. bxc3 b2 32. g5 Qe4 33. g6 b1=Q 34. gxf7+ Rbxf7 0-1


[Site "https://www.chess.com"]

[Event "Titled Tuesday Blitz April 25 Late 2023"]
[White "Nihal Sarin"]
[Black "Martinez Alcantara, Jose Eduardo"]
[WhiteFideId "25092340"]
[BlackFideId "3805662"]
[WhiteElo "2689"]
[BlackElo "2711"]
[Result "1/2-1/2"]
[Round "10"]
[TimeControl "180+2"]
[Date "2023.04.25"]
[WhiteClock "0:00:05"]
[BlackClock "0:00:05"]

1. e4 e5 2. Nf3 Nf6 3. Nxe5 d6 4. Nf3 Nxe4 5. Bd3 Nf6 6. O-O Be7 7. c3 O-O 8. h3 b6 9. Bc2 Bb7 10. d4 Nbd7 11. Re1 Re8 12. Bf4 Bf8 13. Nbd2 Rxe1+ 14. Qxe1 Qe7 15. Qf1 Re8 16. Bd3 Qd8 17. a4 a5 18. Ba6 Qa8 19. Bb5 h6 20. Re1 Rxe1 21. Nxe1 Qd8 22. Nc2 Ne4 23. Nxe4 Bxe4 24. Ne3 Nf6 25. Qc4 Bb7 26. b4 axb4 27. cxb4 c5 28. bxc5 dxc5 29. Be5 Nd5 30. Nxd5 Bxd5 31. Qc3 f6 32. Bf4 cxd4 33. Qxd4 Bc5 34. Qd3 Qa8 35. Bc4 Bxc4 36. Qxc4+ Kh8 37. Bd2 Qd8 38. Be3 Qd1+ 39. Kh2 Bxe3 40. fxe3 Qd6+ 41. Kg1 g5 42. Kf2 Kg7 43. Qd4 Qc6 44. g4 Qc2+ 45. Kf3 Qc6+ 46. Qe4 Qd7 47. Qd4 Qc6+ 48. e4 Qe6 49. Qd5 Qe7 50. Qc4 Qd6 51. Ke2 Qh2+ 52. Kd1 Qxh3 53. Qe6 Qd3+ 54. Kc1 Qc3+ 55. Kb1 Qc5 56. Qd7+ Kg6 57. Qe8+ Kg7 58. Qd7+ Kf8 59. Qd8+ Kf7 60. Qd7+ Qe7 61. Qd5+ Qe6 62. Qb7+ Kg6 63. Kb2 Qxg4 64. Qxb6 Qxe4 65. a5 h5 66. a6 h4 67. a7 h3 68. Qb8 Qe2+ 69. Ka3 Qf3+ 70. Kb4 Qe4+ 71. Kc5 h2 72. a8=Q h1=Q 73. Qg8+ Kf5 74. Qac8+ Kf4 75. Qc7+ Qe5+ 76. Qxe5+ Kxe5 77. Kb6 Qg1+ 78. Kb7 Qg2+ 79. Ka7 Qf2+ 80. Kb7 Qf3+ 81. Ka7 Qa3+ 82. Kb7 Qb4+ 83. Ka7 Qa5+ 84. Kb8 Qb6+ 85. Ka8 Qc6+ 86. Kb8 Qd6+ 87. Ka7 Qe7+ 88. Ka8 Qe6 89. Qb8+ Ke4 90. Qc7 Qd5+ 91. Kb8 Qe5 92. Ka8 f5 93. Qc2+ Kf3 94. Qd1+ Ke4 95. Qe2+ Kf4 96. Qh2+ Ke4 97. Qe2+ Kd5 98. Qb5+ Kd6 99. Qb8+ Ke6 100. Qe8+ Kd5 101. Qb5+ Kd4 102. Qb2+ Ke4 103. Qe2+ 1/2-1/2


[Site "https://www.chess.com"]

[Event "Titled Tuesday Blitz April 25 Late 2023"]
[White "Naroditsky, Daniel"]
[Black "Bortnyk, Olexandr"]
[WhiteFideId "2026961"]
[BlackFideId "14120828"]
[WhiteElo "2633"]
[BlackElo "2734"]
[Result "1/2-1/2"]
[Round "10"]
[TimeControl "180+2"]
[Date "2023.04.25"]
[WhiteClock "0:00:06"]
[BlackClock "0:00:02"]

1. Nf3 Nf6 2. c4 b6 3. g3 Bb7 4. Bg2 g6 5. O-O Bg7 6. d4 O-O 7. d5 Na6 8. Nc3 Nc5 9. Qc2 a5 10. Rd1 Ne8 11. Bf4 Nd6 12. b3 c6 13. Be5 cxd5 14. Bxg7 Kxg7 15. Nxd5 Bxd5 16. Rxd5 f6 17. Rad1 Qc7 18. h4 Nf7 19. Nd4 Rac8 20. h5 e6 21. Nb5 Qb8 22. R5d4 Qe5 23. Bf3 Ng5 24. hxg6 Nxf3+ 25. exf3 hxg6 26. Qd2 Rcd8 27. Kg2 Rh8 28. Qe3 Qxe3 29. fxe3 Kf7 30. Rd6 Rb8 31. Nc3 Ke7 32. Na4 Rhd8 33. Nxb6 Rb7 34. e4 Rdb8 35. Na4 Nxa4 36. bxa4 Rc7 37. Ra6 Rb2+ 38. Kh3 Rxa2 39. Rxa5 f5 40. exf5 gxf5 41. Ra8 Ra3 42. f4 Rxc4 43. Ra7 Rxf4 44. Rdxd7+ Kf6 45. Rf7+ Kg6 46. Rg7+ Kf6 47. Rgf7+ Kg6 48. Rg7+ Kf6 49. Rgf7+ 1/2-1/2


[Site "https://www.chess.com"]

[Event "Titled Tuesday Blitz April 25 Late 2023"]
[White "Sarana, Alexey"]
[Black "Esipenko, Andrey"]
[WhiteFideId "24133795"]
[BlackFideId "24175439"]
[WhiteElo "2714"]
[BlackElo "2615"]
[Result "1-0"]
[Round "10"]
[TimeControl "180+2"]
[Date "2023.04.25"]
[WhiteClock "0:00:40"]
[BlackClock "0:00:55"]

1. d4 Nf6 2. c4 e6 3. Nc3 d5 4. cxd5 exd5 5. Bg5 c6 6. e3 h6 7. Bh4 Be7 8. Bd3 O-O 9. h3 Re8 10. Bg3 Bd6 11. Bxd6 Qxd6 12. Qc2 Nbd7 13. Nf3 Nf8 14. O-O Be6 15. a3 N8d7 16. b4 Rec8 17. Ne2 Qe7 18. Nf4 Ne8 19. Nxe6 Qxe6 20. Bh7+ Kh8 21. Bf5 Qe7 22. Ne5 Nef6 23. Rfc1 Re8 24. Nxd7 Nxd7 25. Bxd7 Qxd7 26. Qd3 Re6 27. Rc5 Rg6 28. Kh1 Re8 29. Rac1 Re4 30. Qe2 a6 31. a4 Qf5 32. Qf3 Qxf3 33. gxf3 Rh4 34. Kh2 Rf6 35. Kg3 Rh5 36. f4 Rhf5 37. h4 g5 38. hxg5 hxg5 39. Kg4 1-0


[Site "https://www.chess.com"]

[Event "Titled Tuesday Blitz April 25 Late 2023"]
[White "Bluebaum, Matthias"]
[Black "Kamsky, Gata"]
[WhiteFideId "24651516"]
[BlackFideId "2000024"]
[WhiteElo "2638"]
[BlackElo "2660"]
[Result "1/2-1/2"]
[Round "10"]
[TimeControl "180+2"]
[Date "2023.04.25"]
[WhiteClock "0:00:06"]
[BlackClock "0:00:12"]

1. d4 Nf6 2. c4 e6 3. Nc3 Bb4 4. e3 O-O 5. Bd2 d5 6. Nf3 a5 7. Rc1 Bxc3 8. Bxc3 Ne4 9. Bd3 Nxc3 10. Rxc3 Nd7 11. cxd5 exd5 12. Qc2 c6 13. Bxh7+ Kh8 14. Bd3 Qe7 15. O-O g6 16. e4 dxe4 17. Bxe4 Nf6 18. Re3 Nxe4 19. Rxe4 Qf6 20. Qd2 Kg8 21. Rfe1 Be6 22. a3 Bd5 23. R4e3 Bxf3 24. Rxf3 Qd6 25. Rfe3 Rfd8 26. h4 Qf6 27. Re4 Rd5 28. Qh6 Rf8 29. Re8 Qg7 30. Rxf8+ Qxf8 31. Qf4 Qd8 32. Re4 Kg7 33. g3 Qf6 34. Qe3 Qd6 35. Kg2 Rb5 36. Re5 Rxb2 37. h5 Rb5 38. h6+ Kh7 39. Qf4 Qf8 40. Re1 Rf5 41. Qc7 Kxh6 42. Qxb7 Qd8 43. Qxc6 Qxd4 44. Re2 Qd5+ 45. Qxd5 Rxd5 46. Re4 f5 47. Rc4 g5 48. g4 fxg4 49. Rxg4 Kh5 50. Rc4 g4 51. a4 Kg5 52. Kg3 Rd3+ 53. Kg2 Rd5 54. Kg3 Rd3+ 55. Kg2 Rd5 1/2-1/2


[Site "https://www.chess.com"]

[Event "Titled Tuesday Blitz April 25 Late 2023"]
[White "Kuzubov, Yuriy"]
[Black "Caruana, Fabiano"]
[WhiteFideId "14112906"]
[BlackFideId "2020009"]
[WhiteElo "2496"]
[BlackElo "2837"]
[Result "1-0"]
[Round "10"]
[TimeControl "180+2"]
[Date "2023.04.25"]
[WhiteClock "0:00:04"]
[BlackClock "0:00:01"]

1. d4 Nf6 2. c4 e6 3. Nc3 Bb4 4. Qc2 O-O 5. a3 Bxc3+ 6. Qxc3 d6 7. f3 Nc6 8. e4 e5 9. d5 Nd4 10. Ne2 Nxe2 11. Bxe2 Nh5 12. Be3 Nf4 13. Bxf4 exf4 14. O-O Re8 15. c5 Bd7 16. Rac1 a5 17. cxd6 cxd6 18. Qc7 Qe7 19. Qb6 Rec8 20. Rxc8+ Rxc8 21. Qxb7 Qd8 22. Qa7 Rc2 23. Bd3 Rxb2 24. Qd4 Qb6 25. Qxb6 Rxb6 26. Rb1 Rxb1+ 27. Bxb1 g5 28. Kf2 Kg7 29. g3 h6 30. gxf4 gxf4 31. Ke2 Kf6 32. Kd2 Kg5 33. Ke1 Kh4 34. Kf2 Kh3 35. Kg1 Bb5 36. e5 Bd7 37. exd6 Kh4 38. Kf2 Kg5 39. Ke2 Kf6 40. Kd3 Ke5 41. Kc4 Kxd6 42. Kd4 f5 43. Bd3 Bc8 44. Bc4 Bb7 45. Bb3 Bc8 46. Bc2 Bd7 47. Bd3 Bc8 48. Bc2 Bb7 49. Bb3 Ba6 50. Bc4 Bc8 51. Bb5 Bb7 52. Bc4 Ba8 53. Bb3 Bb7 54. Ba2 Bc8 55. Bc4 Bd7 56. Be2 Ba4 57. Kc4 Bc2 58. Kb5 Kxd5 59. Kxa5 Kd4 60. Kb4 Ke3 61. Kc3 Ba4 62. Bd3 Kxf3 63. Bxf5 Ke3 64. Kb4 Bc6 65. Kc5 Ba4 66. Kb4 Bc6 67. Kc5 Bb7 68. a4 f3 69. Bh3 f2 70. a5 Ke2 71. Kb6 Bc8 72. Bxc8 Ke3 73. Ba6 1-0


[Site "https://www.chess.com"]

[Event "Titled Tuesday Blitz April 25 Late 2023"]
[White "Zhigalko, Sergei"]
[Black "Duda, Jan-Krzysztof"]
[WhiteFideId "13502956"]
[BlackFideId "1170546"]
[WhiteElo "2626"]
[BlackElo "2790"]
[Result "0-1"]
[Round "10"]
[TimeControl "180+2"]
[Date "2023.04.25"]
[WhiteClock "0:00:02"]
[BlackClock "0:00:49"]

1. e4 e5 2. Nf3 Nc6 3. Bc4 Bc5 4. b4 Bxb4 5. c3 Ba5 6. d4 d6 7. O-O Bb6 8. a4 Na5 9. Ba2 Qe7 10. Ng5 Nh6 11. f4 Bg4 12. Qd3 f6 13. Nf3 O-O-O 14. Kh1 Rhe8 15. f5 Nxf5 16. exf5 e4 17. Qc2 exf3 18. Be6+ Kb8 19. gxf3 Bh3 20. Re1 g6 21. Bd2 gxf5 22. Na3 d5 23. Bxf5 Bxf5 24. Qxf5 Qd6 25. Bf4 Qc6 26. Rxe8 Rxe8 27. Qxh7 Qxc3 28. Rf1 Qxa3 29. Qd7 Qe7 30. Qb5 Nc6 31. a5 Nxa5 32. Rb1 Nc6 33. Qxd5 Rd8 34. Qe4 Qxe4 35. fxe4 Bxd4 0-1


[Site "https://www.chess.com"]

[Event "Titled Tuesday Blitz April 25 Late 2023"]
[White "Tari, Aryan"]
[Black "Deac, Bogdan-Daniel"]
[WhiteFideId "1510045"]
[BlackFideId "1226380"]
[WhiteElo "2561"]
[BlackElo "2649"]
[Result "1-0"]
[Round "10"]
[TimeControl "180+2"]
[Date "2023.04.25"]
[WhiteClock "0:00:56"]
[BlackClock "0:00:49"]

1. e4 c6 2. d4 d5 3. Nd2 Qc7 4. e5 Bf5 5. Nb3 e6 6. Nf3 Nd7 7. Be2 f6 8. O-O fxe5 9. dxe5 Nxe5 10. Nfd4 h5 11. Nxf5 exf5 12. Nd4 Qf7 13. Qe1 O-O-O 14. Qa5 Bc5 15. Qxc5 1-0


[Site "https://www.chess.com"]

[Event "Titled Tuesday Blitz April 25 Late 2023"]
[White "Makarian, Rudik"]
[Black "Donchenko, Alexander"]
[WhiteFideId "44105681"]
[BlackFideId "24603295"]
[WhiteElo "2430"]
[BlackElo "2542"]
[Result "1-0"]
[Round "10"]
[TimeControl "180+2"]
[Date "2023.04.25"]
[WhiteClock "0:00:10"]
[BlackClock "0:00:02"]

1. d4 Nf6 2. c4 e6 3. Nf3 d5 4. Nc3 Bb4 5. Qa4+ Nc6 6. Bd2 O-O 7. a3 Bxc3 8. Bxc3 Bd7 9. cxd5 exd5 10. Qc2 Ne4 11. e3 Re8 12. Bd3 Bf5 13. Nd2 Qf6 14. Nxe4 Bxe4 15. Bxe4 Rxe4 16. Qb3 Nxd4 17. Qxd5 Qc6 18. Qxc6 Nxc6 19. O-O-O Re7 20. Rd5 f6 21. Rhd1 Kf7 22. b4 a6 23. Kc2 Na7 24. a4 Nc8 25. Kb3 Nd6 26. R5d3 Rae8 27. Rc1 Ne4 28. Be1 f5 29. f3 Nf6 30. Bf2 c6 31. b5 axb5 32. axb5 cxb5 33. Kb4 Re5 34. Rc7+ R8e7 35. Rxe7+ Kxe7 36. Bh4 Ke6 37. Bxf6 Kxf6 38. Ka5 g5 39. Rb3 h5 40. Kb6 Re7 41. Kxb5 g4 42. Kc5 gxf3 43. gxf3 Kg5 44. Kd6 Re8 45. Kd7 Rb8 46. Rb5 b6 47. e4 Rf8 48. e5 Kf4 49. e6 Rg8 50. e7 Kxf3 51. Rxf5+ Ke4 52. Rf8 Rg7 53. Kd8 1-0


[Site "https://www.chess.com"]

[Event "Titled Tuesday Blitz April 25 Late 2023"]
[White "Svane, Rasmus"]
[Black "Sviridov, Valery"]
[WhiteFideId "4657101"]
[BlackFideId "4120680"]
[WhiteElo "2597"]
[BlackElo "2457"]
[Result "0-1"]
[Round "10"]
[TimeControl "180+2"]
[Date "2023.04.25"]
[WhiteClock "0:00:01"]
[BlackClock "0:00:18"]

1. Nf3 g6 2. e4 Bg7 3. d4 d6 4. Bd3 Nf6 5. h3 O-O 6. O-O Nc6 7. c3 e5 8. Re1 Nh5 9. Be3 Bd7 10. Nbd2 a5 11. Bf1 a4 12. a3 h6 13. Qc2 Qc8 14. Rad1 Kh7 15. dxe5 dxe5 16. Kh2 Na5 17. Nc4 Nxc4 18. Bxc4 Be6 19. Qe2 Ra5 20. Rd2 Nf6 21. Bxe6 Qxe6 22. Qd3 Ra6 23. Qc2 Re8 24. Rdd1 Qc6 25. Nd2 Raa8 26. f3 Kg8 27. Qd3 Red8 28. Qc4 Ra6 29. Qxc6 Rxc6 30. Nf1 Rcd6 31. Rxd6 Rxd6 32. Kg1 Nd7 33. Kf2 Bf8 34. Ke2 Kg7 35. Rd1 Rxd1 36. Kxd1 b5 37. Kc2 Bc5 38. Bxc5 Nxc5 39. c4 c6 40. Ne3 Ne6 41. Kc3 Kf6 42. cxb5 cxb5 43. Kb4 Nd4 44. h4 Ke6 45. Kc5 f5 46. Nd5 Kd7 47. Nc3 Nc2 48. exf5 gxf5 49. Kxb5 Ne1 50. g4 f4 51. g5 hxg5 52. h5 Nxf3 53. h6 Nh4 54. h7 Ng6 55. Ne4 g4 56. Nf6+ Ke6 57. Nxg4 Kf5 58. Nh2 e4 59. Kxa4 e3 60. Kb3 e2 61. Nf3 Ke4 62. Ne1 f3 0-1


[Site "https://www.chess.com"]